 Dungeon Crawl Stone Soup version 0.25-a0-258-g6d7e32a812 (webtiles) character file.

Game seed: 16035262258131249364, levelgen mode: deterministic

10180 Cinder the Carver (level 11, -21/88 (90) HPs)
             Began as a Demonspawn Artificer on Dec 6, 2019.
             Was an Initiate of Gozag.
             Demolished by an ettin
             ... wielding a +0 dire flail
              (22 damage)
             ... on level 11 of the Dungeon.
             The game lasted 00:45:55 (15029 turns).

Cinder the Carver (Demonspawn Artificer)           Turns: 15029, Time: 00:45:57

HP:   -21/88 (90)   AC: 13    Str: 14    XL:     11   Next: 32%
MP:   14/14         EV:  9    Int: 16    God:    Gozag
Gold: 1860          SH:  0    Dex: 14    Spells: 10/10 levels left

rFire    + . .     SeeInvis +   N - +7 double sword "Fuiczaok" {slice, rC++ Int+2 Dex-2 Stlth+}
rCold    + + +     Gourm    .   (no shield)
rNeg     . . .     Faith    .   L - +0 plate armour
rPois    .         Spirit   .   (helmet unavailable)
rElec    .         Reflect  .   (no cloak)
rCorr    .         Harm     .   F - +0 pair of gloves
MR       .....                  (no boots)
Stlth    ..........             s - amulet of regeneration
HPRegen  0.64/turn              C - ring of protection from cold
MPRegen  0.14/turn              Q - +2 ring of dexterity

@: no status effects
A: antennae 3, repulsion field 2, fire resistance 1, spiny 2
a: Potion Petition, Call Merchant, Bribe Branch, Renounce Religion


You were on level 11 of the Dungeon.
You worshipped Gozag.
Gozag was most pleased with you.
You were not hungry.

You visited 2 branches of the dungeon, and saw 12 of its levels.
You also visited: Sewer.

You collected 1954 gold pieces.
You paid 94 gold pieces to Gozag.

Inventory:

Hand Weapons
 a - a cursed +0 great sword
 q - a +3 scimitar of draining
 v - a +0 hunting sling
 y - a +2 dagger of speed
 B - a +0 short sword of venom
 G - a cursed +0 falchion
 N - the +7 double sword "Fuiczaok" (weapon) {slice, rC++ Int+2 Dex-2 Stlth+}
   (You acquired it on level 10 of the Dungeon)

   It inflicts extra damage upon your enemies.
   It affects your intelligence (+2).
   It affects your dexterity (-2).
   It greatly protects you from cold.
   It makes you more stealthy.
Missiles
 j - 383 stones (quivered)
 k - 10 poisoned darts
 l - 2 throwing nets
Armour
 g - a +0 buckler
 F - a +0 pair of gloves (worn)
 L - a +0 plate armour (worn)
Jewellery
 s - an amulet of regeneration (around neck)
 C - a ring of protection from cold (left hand)
 Q - a +2 ring of dexterity (right hand)
 R - an uncursed ring of wizardry
Wands
 c - a wand of flame (4)
 d - a wand of enslavement (24)
 e - a wand of random effects (13)
 x - a wand of acid (15)
 z - a wand of iceblast (7)
 O - a wand of polymorph (7)
Scrolls
 h - 15 scrolls of identify
 i - 11 scrolls of remove curse
 m - 8 scrolls of teleportation
 o - 2 scrolls of amnesia
 D - a scroll of fear {unknown}
 E - 3 scrolls of blinking
 J - 2 scrolls of holy word
Potions
 b - a potion of degeneration {unknown}
 n - a potion of magic {unknown}
 p - a potion of haste {unknown}
 r - a potion of berserk rage {unknown}
 t - 12 potions of heal wounds
 u - 3 potions of curing {unknown}
 w - 2 potions of ambrosia {unknown}
 A - 3 potions of resistance {unknown}
 H - a potion of brilliance {unknown}
 I - a potion of might {unknown}
 K - 6 potions of agility {unknown}
 M - 2 potions of lignification {unknown}
Miscellaneous
 P - a lightning rod (4/4)
Comestibles
 f - 15 rations


   Skills:
 + Level 9.9 Fighting
 - Level 0.8(7.1) Short Blades
 + Level 11.1 Long Blades
 - Level 5.0 Armour
 - Level 5.0 Dodging
 - Level 0.8 Stealth
 - Level 5.0 Evocations


You had 10 spell levels left.
You didn't know any spells.
Your spell library contained the following spells:

 Spells                   Type           Power        Failure   Level  Hunger
 Infusion                 Chrm           #...         100%        1    ##.....
 Shroud of Golubria       Chrm/Tloc      #.....       100%        2    ###....
 Song of Slaying          Chrm           #.......     100%        2    ###....
 Regeneration             Chrm/Necr      #.........   100%        3    ####...
 Spectral Weapon          Hex/Chrm       #.......     100%        3    ####...


Dungeon Overview and Level Annotations

Branches:
Dungeon (11/15)            Temple (1/1) D:6            Lair (0/6) D:8
    Orc (0/2) D:11          Sewer (visited)

Altars:
Ashenzari
Cheibriados
Dithmenos
Elyvilon
Fedhas
Gozag
Hepliaklqana
Kikubaaqudgha
Makhleb
Nemelex Xobeh
Okawaru
Qazlal
Ru
Sif Muna
Trog
Uskayaw
Vehumet
Wu Jian
Xom
Yredelemnul
Zin
The Shining One
Beogh

Shops:
D:5 }   D:6 [

Annotations:
D:8 2 transporters, Gargoyl's ghost, novice CeAK


Innate Abilities, Weirdness & Mutations

You have a pair of large antennae on your head. (SInv)
You are surrounded by a moderate repulsion field. (EV +3)
Your flesh is heat resistant. (rF+)
You are mostly covered in sharp spines.


Message History

You feel clever.
You feel clumsy.
N - the +7 double sword "Fuiczaok" (weapon)
{slice, rC++ Int+2 Dex-2 Stlth+} Drop what? 45/52 slots (_ for help) (? for menu, Esc to quit)
You drop an uncursed staff of cold.
There is an open door here.
An ettin comes into view. It is wielding two +0 dire flails.
The ettin shouts in stereo!
You slash the ettin!
The ettin is lightly wounded.
The ettin hits you with a +0 dire flail!!!
Ouch! That really hurt!
The ettin hits you with a +0 dire flail.
You hit the ettin.
The ettin is moderately wounded.
The ettin hits you with a +0 dire flail!!!
* * * LOW HITPOINT WARNING * * *
The ettin hits you with a +0 dire flail!!
You die...
Your body crumbles into a pile of gold.

#####.#### #.# #.# #.# #.#
#.# ####.##### ##.## #.#
#........# ##...######.#
#.##.###.#####...........#
#.##.# #.#........########
#.##.###.#.#####.##
#.##....##### #.#
#.#######@..## #.# #.#
###C###.# #.#
#.####.'.#|'.# #.#
#......#.###.# #.#
#########...## #.# #####
#)# ##)#########
#############.))8#.....#
#......##......).#.....#


You could see an ettin.

Vanquished Creatures
  Snorg (D:10)
  Erolcha (D:10)
  A manticore (D:11)
  2 centaur skeletons
  3 trolls (D:11)
  2 hippogriffs
  Prince Ribbit (D:6)
  A shadow (D:11)
  2 wraiths
  Edmund (D:5)
  2 water moccasins
  7 orc warriors
  4 ice beasts
  A black bear (D:6)
  6 sky beasts
  6 ogres
  2 necrophages
  2 eyes of draining
  4 centaurs
  A crocodile (D:11)
  3 big kobolds
  A wyvern zombie (D:8)
  3 bullfrogs
  A wyvern skeleton (D:7)
  14 wights
  5 killer bees
  4 howler monkeys
  3 bullfrog zombies
  A quasit (D:7)
  3 jellies
  5 orc priests
  5 hounds
  8 orc wizards
  2 iguanas
  5 worker ants
  Ijyb (D:3)
  A hound zombie (D:7)
  A mummy (D:7)
  A hound skeleton (D:10)
  A worker ant zombie (D:11)
  2 howler monkey skeletons
  Robin (D:3)
  16 adders
  A gnoll (D:1)
  2 river rats (Sewer)
  3 shadow imps
  An ooze (D:1)
  An adder zombie (D:7)
  5 worms
  An adder skeleton (D:7)
  5 leopard geckos
  40 orcs
  6 ball pythons
  8 bats
  11 giant cockroaches
  16 goblins
  9 hobgoblins
  15 jackals
  6 quokkas
  14 frilled lizards
  2 hobgoblin zombies (D:7)
  A jackal skeleton (D:5)
  25 kobolds
  2 kobold zombies (D:7)
  A leopard gecko skeleton (D:5)
  2 quokka skeletons (D:7)
  A quokka zombie (D:5)
  35 rats
350 creatures vanquished.

Vanquished Creatures (others)
  A hobgoblin (D:3)
  3 plants (D:8)
4 creatures vanquished.

Grand Total: 354 creatures vanquished

Notes
Turn   | Place    | Note
-------+----------+-------------------------------------------
     0 | D:1      | Cinder the Demonspawn Artificer began the quest for the
                  | Orb.
     0 | D:1      | Reached XP level 1. HP: 15/15 MP: 3/3
   162 | D:1      | Gained mutation: You are surrounded by a mild repulsion
                  | field. (EV +2) [demonic ancestry]
   162 | D:1      | Reached XP level 2. HP: 20/22 MP: 4/4
   420 | D:1      | Reached XP level 3. HP: 19/29 MP: 5/5
  2205 | D:1      | Reached XP level 4. HP: 20/37 MP: 6/6
  3203 | D:3      | Noticed Robin
  3548 | D:3      | Killed Robin
  3672 | D:3      | Found a stormy altar of Qazlal.
  3700 | D:3      | Gained mutation: Your flesh is heat resistant. (rF+)
                  | [demonic ancestry]
  3700 | D:3      | Reached XP level 5. HP: 40/43 MP: 7/7
  3880 | D:3      | Noticed Ijyb
  3887 | D:3      | Killed Ijyb
  3887 | D:3      | Reached skill level 5 in Fighting
  4404 | D:3      | Found a snail-covered altar of Cheibriados.
  5253 | D:3      | Gained mutation: You have a pair of small antennae on your
                  | head. [demonic ancestry]
  5253 | D:3      | Reached XP level 6. HP: 48/52 MP: 8/8
  6673 | D:5      | Entered Level 5 of the Dungeon
  6739 | D:5      | Reached skill level 1 in Long Blades
  6739 | D:5      | Gained mutation: You have a pair of antennae on your head.
                  | [demonic ancestry]
  6739 | D:5      | Reached XP level 7. HP: 49/56 MP: 9/9
  6760 | D:5      | Noticed Edmund
  6767 | D:5      | Killed Edmund
  6767 | D:5      | Reached skill level 2 in Long Blades
  6958 | D:5      | Found Eshrualo's Gadget Emporium.
  7116 | D:5      | Found a glowing drain.
  7126 | Sewer    | Entered a sewer
  7671 | Sewer    | Reached skill level 5 in Dodging
  7719 | Sewer    | Reached skill level 3 in Long Blades
  7805 | Sewer    | Reached skill level 4 in Long Blades
  8030 | D:5      | Gained mutation: You are partially covered in sharp spines.
                  | [demonic ancestry]
  8030 | D:5      | Reached XP level 8. HP: 55/62 MP: 10/10
  8563 | D:5      | Reached skill level 5 in Long Blades
  8755 | D:6      | Found a staircase to the Ecumenical Temple.
  8776 | Temple   | Entered the Ecumenical Temple
  8916 | Temple   | Became a worshipper of Gozag Ym Sagoz the Greedy
  8968 | D:6      | Found a sacrificial altar of Ru.
  9190 | D:6      | Reached skill level 6 in Long Blades
  9224 | D:6      | Found a snail-covered altar of Cheibriados.
  9403 | D:6      | Reached skill level 7 in Long Blades
  9432 | D:6      | Reached skill level 1 in Armour
  9531 | D:6      | Found Poum's Armour Emporium.
  9604 | D:5      | Gained mutation: You are mostly covered in sharp spines.
                  | [demonic ancestry]
  9604 | D:5      | Reached XP level 9. HP: 67/67 MP: 11/11
 10145 | D:6      | Noticed Prince Ribbit
 10167 | D:6      | Killed Prince Ribbit
 10199 | D:6      | Reached skill level 8 in Long Blades
 10902 | D:7      | Reached skill level 5 in Evocations
 11303 | D:7      | Gained mutation: You are surrounded by a moderate repulsion
                  | field. (EV +3) [demonic ancestry]
 11303 | D:7      | Reached XP level 10. HP: 68/74 MP: 13/13
 11353 | D:7      | Reached skill level 5 in Armour
 11823 | D:8      | Reached skill level 9 in Long Blades
 11841 | D:8      | Found a staircase to the Lair.
 11917 | D:8      | Found a transporter.
 12137 | D:8      | Found a sacrificial altar of Ru.
 12138 | D:8      | Found a shadowy altar of Dithmenos.
 12138 | D:8      | Found a shimmering blue altar of Sif Muna.
 12138 | D:8      | Found a shimmering altar of Xom.
 12138 | D:8      | Found a bloodstained altar of Trog.
 12373 | D:8      | Found a transporter.
 12377 | D:8      | Identified the ring "Jietwuk" {rN+ MR+}
 12385 | D:8      | Noticed Gargoyl's ghost (novice CeAK)
 13034 | D:10     | Entered Level 10 of the Dungeon
 13036 | D:10     | Identified a scroll of acquirement
 13037 | D:10     | Got a brightly glowing double sword
 13038 | D:10     | Identified the +7 double sword "Fuiczaok" {slice, rC++
                  | Int+2 Dex-2 Stlth+} (You acquired it on level 10 of the
                  | Dungeon)
 13363 | D:10     | Noticed Snorg
 13372 | D:10     | Killed Snorg
 13372 | D:10     | Reached skill level 10 in Long Blades
 13583 | D:10     | Noticed Erolcha
 13592 | D:10     | Killed Erolcha
 13990 | D:11     | Gained mutation: You have a pair of large antennae on your
                  | head. (SInv) [demonic ancestry]
 13990 | D:11     | Reached XP level 11. HP: 77/87 MP: 14/14
 14461 | D:11     | Found an opulent altar of Gozag.
 14488 | D:11     | Found a staircase to the Orcish Mines.
 14505 | D:11     | Found a roughly hewn altar of Beogh.
 14519 | D:11     | Reached skill level 11 in Long Blades
 15026 | D:11     | Noticed an ettin
 15029 | D:11     | HP: 1/88 [ettin/+0 dire flail (38)]
 15029 | D:11     | Demolished by an ettin

Levels and vault maps discovered:
D:1:      onia_arrival_larder, layout_loops_ring
D:2:      layout_rooms
D:3:      cheibrodos_thug_alley, layout_basic, old_standard_altar,
          grunt_qazlal_clouds, uniq_robin, uniq_ijyb
D:4:      layout_layer_cave
D:5:      layout_basic, first_ration, gup_sewer_entry_pipe, serial_shops, shop,
          uniq_edmund
D:6:      layout_cave_pods, minmay_temple_entry_sparse_star, basic_altar,
          serial_shops, shop, nicolae_ru_sacrificial_ziggurat,
          uniq_prince_ribbit1
D:7:      layout_cave_pods, minmay_mini_ossuary
D:8:      layout_loops_cross, minitemple, dpeg_oklobed_lair,
          gammafunk_ghost_gnarly_gnolls, grunt_ogre_cave
D:9:      layout_roguey
D:10:     layout_roguey, enter_bailey_3, uniq_erolcha, uniq_snorg
D:11:     layout_loops_corners, minmay_orc_entry_temple_small, basic_altar,
          minmay_misc_feat_rugged, kennysheep_just_a_vault
Temple:   regret_index_temple_sphere_string

Skill      XL: |  1  2  3  4  5  6  7  8  9 10 11 |
---------------+----------------------------------+-----
Fighting       | 2 3 4 5 6 9 |  9.9
Dodging        | 2 4 5 |  5.0
Long Blades    | 1 4 7 8 10 11 | 11.1
Armour         | 2 4 5 |  5.0
Evocations     | 5 |  5.0
Short Blades   | |  0.8
Stealth        | |  0.8

Action                   |  1- 3 |  4- 6 |  7- 9 | 10-12 || total
-------------------------+-------+-------+-------+-------++-------
Melee: Short sword       |   200 |   261 |   432 |   129 ||  1022
       Dagger            |       |   174 |   115 |       ||   289
       Double sword      |       |       |       |   133 ||   133
 Fire: Hunting sling     |       |     5 |       |       ||     5
Evoke: Wand              |     3 |     6 |    14 |     3 ||    26
  Use: Scroll            |     1 |     7 |     1 |     5 ||    14
 Stab: Distracted        |       |       |     1 |     1 ||     2
  Eat: Chunk             |     3 |    15 |     9 |       ||    27
       Ration            |       |       |     2 |     4 ||     6
Armor: Leather armour    |    38 |       |       |       ||    38
       Ring mail         |    40 |   100 |    57 |       ||   197
       Plate armour      |       |       |   122 |   129 ||   251
Dodge: Dodged            |   197 |   255 |   287 |    95 ||   834
       Rpst.: Double sword |       |       |       |    15 ||    15

Table legend:
 A = Non-vault XP
 B = Vault XP
 C = Vault XP percentage of total XP
 D = Non-vault monster count
 E = Vault monster count
 F = Vault count percentage of total count
                 A         B        C        D         E       F
            +---------+---------+-------+---------+---------+-------
      Total |   10884 |    3659 |  25.2 |     247 |     103 |  29.4
            +---------+---------+-------+---------+---------+-------
        D:1 |      89 |       6 |   6.3 |      32 |       5 |  13.5
        D:2 |      65 |      19 |  22.6 |      17 |      10 |  37.0
        D:3 |      68 |     163 |  70.6 |      16 |      12 |  42.9
        D:4 |     257 |       0 |   0.0 |      12 |       0 |   0.0
        D:5 |     783 |     187 |  19.3 |      19 |       6 |  24.0
        D:6 |    1985 |     255 |  11.4 |      41 |       1 |   2.4
        D:7 |    1558 |      22 |   1.4 |      32 |       5 |  13.5
        D:8 |     675 |     127 |  15.8 |      14 |       1 |   6.7
        D:9 |     736 |       0 |   0.0 |      17 |       0 |   0.0
       D:10 |    1215 |    2150 |  63.9 |      18 |       6 |  25.0
       D:11 |    3453 |     434 |  11.2 |      29 |       9 |  23.7
      Sewer |       0 |     296 | 100.0 |       0 |      48 | 100.0
            +---------+---------+-------+---------+---------+-------
